 Dungeon Crawl Stone Soup version 0.30-a0-591-g3c58d2bc28 (webtiles) character file.

Game seed: 2948706559355847603

697 flotson the Sneak (level 7, -15/48 HPs)
             Began as a Demonspawn Delver on Jan 5, 2023.
             Was a Follower of Hepliaklqana.
             Demolished by an ogre
             ... wielding a +0 giant club
              (31 damage)
             ... on level 5 of the Dungeon.
             The game lasted 00:08:27 (4496 turns).

flotson the Sneak (Demonspawn Delver)               Turns: 4496, Time: 00:08:27

Health: -15/48     AC: 10    Str: 15    XL:     7   Next: 38%
Magic:  9/9        EV: 12    Int: 14    God:    Hepliaklqana [*.....]
Gold:   270        SH:  0    Dex: 20    Spells: 6/6 levels left

rFire   + . .      SeeInvis .    a - +3 quarterstaff (chaos)
rCold   . . .      Faith    .    (shield currently unavailable)
rNeg    . . .      Spirit   .    l - +0 ring mail
rPois   .          Reflect  .    (helmet restricted)
rElec   .          Harm     .    u - +2 cloak
rCorr   .          Rampage  .    (no gloves)
Will    .....                    i - +1 pair of boots "Huhameel" {rF+ Int+3}
Stlth   +++                      (no amulet)
HPRegen 0.28/turn                m - +6 ring of dexterity
MPRegen 0.11/turn                (no ring)

@: no status effects
A: reduced essence, hooves 1, horns 2, demonic magic 1, demonic touch 1
a: Renounce Religion, Recall Ancestor, Ancestor Identity


You were on level 5 of the Dungeon.
You worshipped Hepliaklqana.
Hepliaklqana was aware of your devotion.
You visited 1 branch of the dungeon, and saw 5 of its levels.

You collected 270 gold pieces.

Inventory:

Hand Weapons
 a - a +3 quarterstaff of chaos (weapon)
 b - a +0 shortbow
Missiles
 n - 2 boomerangs (quivered)
Armour
 i - the +1 pair of boots "Huhameel" (worn) {rF+ Int+3}
   (You found it on level 5 of the Dungeon)

   Int:       It affects your intelligence (+3).
   rF:        It protects you from fire.
 l - a +0 ring mail (worn)
 u - a +2 cloak (worn)
Jewellery
 m - a +6 ring of dexterity (left hand)
Wands
 g - a wand of digging (3)
 x - a wand of charming (5)
Scrolls
 c - 4 scrolls of fog
 d - 2 scrolls of magic mapping
 e - a scroll of fear
 h - 5 scrolls of identify {unknown}
 j - a scroll of immolation {unknown}
 o - a scroll of enchant weapon {unknown}
 r - 2 scrolls of silence {unknown}
 t - 2 scrolls of noise {unknown}
 w - a scroll of poison {unknown}
Potions
 f - a potion of haste
 k - 2 potions of magic {unknown}
 p - a potion of heal wounds {unknown}
 q - 2 potions of flight {unknown}
 s - a potion of ambrosia {unknown}
 v - a potion of mutation {unknown}
 z - a potion of attraction {unknown}
 A - a potion of berserk rage {unknown}


   Skills:
 + Level 4.3 Fighting
 + Level 3.2 Axes
 + Level 2.0 Throwing
 + Level 2.3 Armour
 + Level 3.2 Dodging
 - Level 5.0 Stealth
 + Level 3.3 Invocations
 + Level 2.8 Evocations


You had 6 spell levels left.
You didn't know any spells.
Your spell library contained the following spells:

 Spells                   Type           Power      Damage    Failure   Level
 Beastly Appendage        Tmut           0%         N/A       50%         1
 Wereblood                Tmut           0%         N/A       63%         2
 Spider Form              Tmut/Pois      0%         N/A       86%         3
 Fireball                 Conj/Fire      0%         3d3       100%        5
 Iskenderun's Battlesphe  Conj           0%         2d6       100%        5
 Conjure Ball Lightning   Conj/Air       0%         3x3d6     100%        6
 Orb of Destruction       Conj           0%         9d5       100%        7


Dungeon Overview and Level Annotations

Branches:
Dungeon (5/15)
 Temple: D:4-7

Altars:
Hepliaklqana

Shops:
D:2 =

Annotations:
D:4 3 runed translucent doors, Banquo's ghost, amateur DjAE; Cheivey's ghost, amateur GnEE; Iich's ghost, amateur DsFi


Innate Abilities, Weirdness & Mutations

Your life essence is reduced to manifest your ancestor. (-10% HP)
You have large cloven feet.
You have a pair of horns on your head.
Spells you cast may paralyse adjacent enemies.
Your touch may inflict minor irresistible damage on your foes.


Message History

No target in view!
You swap places.
You swap places.
An ogre comes into view. It is wielding a +0 giant club.
The helpless ogre fails to defend itself.
You sock the ogre!
The ogre goes berserk!
The ogre is moderately wounded.
The ogre closely misses you. x2
You sock the ogre! You burn the ogre.
The ogre is heavily wounded.
The ogre hits you with a +0 giant club!!
Ouch! That really hurt!
You are too injured to fight recklessly!
You are too injured to fight recklessly!
You are too injured to fight recklessly!
You are too injured to fight recklessly!
You are too injured to fight recklessly!
You are too injured to fight recklessly!
You are too injured to fight recklessly!
You are too injured to fight recklessly!
You are too injured to fight recklessly!
You swap places.
The ogre hits Laslo with a +0 giant club!
Laslo hits the ogre.
The ogre hits Laslo with a +0 giant club!!
Laslo is destroyed!
Okay, then.
Throw: 2 boomerangs
Press: ? - help, Q - select action, (/) - cycle Shift-Dir - straight line, f - ogre
Aim: an ogre, wielding a +0 giant club (severely wounded, berserk, 78% to hit)
You throw a boomerang.
The boomerang hits the ogre but does no damage.
The ogre is severely wounded.
The ogre rages.
You hit the ogre. You freeze the ogre. You headbutt the ogre!
The ogre is almost dead.
The ogre hits you with a +0 giant club!
The ogre hits you with a +0 giant club!!
Ouch! That really hurt!
You die...

#.##.###.#..)########
#....................
####.###.###.########
#.# #.# #.## #.#
#.###..####### #.#
#............. #.#
######.####### #.#
#.# # # #@# ... #
##.####O# .....
#...O...# ##...#
##.###### ##>## # #.#


You could see an ogre (berserk).

Vanquished Creatures
  An ogre (D:4)
  2 scorpions
  A gnoll bouda (D:5)
  An orc priest (D:3)
  Crazy Yiuf (D:3)
  3 iguanas
  Natasha (thrice) (D:3)
  2 orc wizards (D:3)
  7 gnolls
  4 adders
  A worm (D:3)
  A dart slug (D:3)
  4 orcs
  9 endoplasms
  5 giant cockroaches
  5 goblins
  10 hobgoblins
  9 jackals
  5 quokkas
  9 ball pythons
  4 bats
  6 frilled lizards
  4 kobolds
  5 rats
102 creatures vanquished.

Vanquished Creatures (others)
  3 ancestors
  4 withered plants (D:4)
7 creatures vanquished.

Grand Total: 109 creatures vanquished

Notes
Turn   | Place    | Note
-------+----------+-------------------------------------------
     0 | D:5      | flotson the Demonspawn Delver began the quest for the Orb.
     0 | D:5      | Reached XP level 1. HP: 18/18 MP: 1/1
    14 | D:5      | Identified the +1 pair of boots "Huhameel" {rF+ Int+3}
   109 | D:4      | Noticed an iguana
   115 | D:4      | Found a runed translucent gate.
   116 | D:4      | Found a runed translucent gate.
   116 | D:4      | Found a runed translucent gate.
   119 | D:4      | Noticed Banquo's ghost (amateur DjAE)
   119 | D:4      | Noticed Cheivey's ghost (amateur GnEE)
   119 | D:4      | Noticed Iich's ghost (amateur DsFi)
   142 | D:4      | Noticed an ogre
   144 | D:4      | Noticed a scorpion
   344 | D:3      | Gained mutation: Spells you cast may paralyse adjacent
                  | enemies. [demonic ancestry]
   344 | D:3      | Reached XP level 2. HP: 19/24 MP: 2/2
   752 | D:1      | Discovered your monstrous ancestry.
   752 | D:1      | Gained mutation: You have large cloven feet. [demonic
                  | ancestry]
   752 | D:1      | Reached XP level 3. HP: 29/29 MP: 3/3
  1276 | D:2      | Reached skill level 1 in Evocations
  1363 | D:2      | Found a hazy altar of Hepliaklqana.
  1368 | D:2      | Became a worshipper of Hepliaklqana the Forgotten
  1512 | D:2      | Reached skill level 1 in Armour
  1611 | D:2      | Found Fuorapt's Jewellery Emporium.
  1637 | D:2      | Gained mutation: You have a pair of small horns on your
                  | head. [demonic ancestry]
  1637 | D:2      | Reached XP level 4. HP: 35/35 MP: 4/4
  1777 | D:2      | Reached skill level 1 in Invocations
  2198 | D:3      | Found a faded altar of an unknown god.
  2278 | D:3      | Noticed Natasha
  2295 | D:3      | Killed Natasha
  2296 | D:3      | Gained mutation: You have a pair of horns on your head.
                  | [demonic ancestry]
  2296 | D:3      | Reached XP level 5. HP: 5/41 MP: 6/6
  2501 | D:3      | Noticed Natasha
  2510 | D:3      | Killed Natasha
  2561 | D:3      | Noticed Natasha
  2577 | D:3      | Killed Natasha
  2578 | D:3      | Reached skill level 1 in Throwing
  2578 | D:3      | Reached skill level 5 in Stealth
  2756 | D:3      | Found a runed translucent door.
  2757 | D:3      | Noticed Crazy Yiuf
  2767 | D:3      | Killed Crazy Yiuf
  2768 | D:3      | Gained mutation: Your touch may inflict minor irresistible
                  | damage on your foes. [demonic ancestry]
  2768 | D:3      | Reached XP level 6. HP: 25/48 MP: 7/7
  3639 | D:4      | Reached * piety under Hepliaklqana
  3859 | D:4      | Reached XP level 7. HP: 48/48 MP: 9/9
  4496 | D:5      | Demolished by an ogre

Illustrated notes

Levels and vault maps discovered:
D:1:      nagdon_arrival_double_spiral, layout_loops_ring,
          amcnicky_mini_rare_corridor_liquid, hex_large, minmay_crystal_water,
          corexii_item_surrounded_by_moat
D:2:      layout_basic, basic_altar, serial_shops, shop
D:3:      layout_rooms, nicolae_ecumenical_pavilion, serial_co_window_serial,
          co_window_paths_b, co_window_corner_a, co_window_of_opportunity_a,
          co_window_corner_a, co_window_paths_b, co_window_cross_1,
          co_window_corner_a, co_window_paths_b, co_window_paths_a,
          co_window_unsneaky_path_a, co_window_2corner, co_window_cross_2,
          co_window_paths_d, co_window_4corner_b, interstate_on_off,
          minivault_14, uniq_crazy_yiuf_cottage, uniq_natasha
D:4:      layout_loops_ring, gammafunk_ghost_cemetery
D:5:      layout_loops_ring, doesnt_shop_hydraphobe, uniq_duvessa,
          uniq_blork_the_orc, uniq_grinder

Skill      XL: |  1  2  3  4  5  6  7 |
---------------+----------------------+-----
Axes           | 2 3 |  3.2
Dodging        | 2 3 |  3.2
Evocations     | 1 2 |  2.8
Armour         | 1 2 |  2.3
Invocations    | 1 2 3 |  3.3
Throwing       | 1 2 |  2.0
Stealth        | 5 |  5.0
Fighting       | 4 |  4.3

Action                   |  1- 3 |  4- 6 |  7- 9 || total
-------------------------+-------+-------+-------++-------
Melee: Hand axe          |    53 |       |       ||    53
       Short sword       |    73 |       |       ||    73
       Punch             |     1 |       |       ||     1
       Quarterstaff      |       |    48 |    29 ||    77
       Headbutt          |       |    10 |     6 ||    16
 Fire: Shortbow          |     5 |   105 |       ||   110
Throw: Boomerang         |       |       |     2 ||     2
  Use: Scroll            |       |     1 |       ||     1
 Stab: Sleeping          |     4 |     3 |     2 ||     9
Armor: Leather armour    |     2 |       |       ||     2
       Ring mail         |    57 |    56 |    11 ||   124
Dodge: Dodged            |    90 |    88 |    27 ||   205

Table legend: (Time is in decaauts)
 A = Elapsed time spent in this place.
 B = Non-inter-level travel time spent in this place.
 C = Inter-level travel time spent in this place.
 D = Time resting spent in this place.
 E = Time spent auto-exploring this place.
 F = Levels seen in this place.
 G = Mean time per level.
                   A        B        C        D        E       F      G
               +--------+--------+--------+--------+--------+-----+--------+
         Total |   4674 |   4522 |    152 |    161 |   3282 |   5 |  934.8 |
       Dungeon |   4674 |   4522 |    152 |    161 |   3282 |   5 |  934.8 |
               +--------+--------+--------+--------+--------+-----+--------+

Top non-repeatable levels by time:
     D:3: 1598 daAuts
     D:1: 1025 daAuts
     D:2: 867 daAuts
     D:4: 816 daAuts
     D:5: 366 daAuts
